[Event "*** Titled Tuesday Blitz"]
[Site "Chess.com"]
[Date "2018.04.03"]
[Round "9"]
[White "Zaven_ChessMood"]
[Black "igorkovalenko"]
[Result "1-0"]
[WhiteElo "2825"]
[BlackElo "2703"]
[TimeControl "180+2"]
[EndTime "14:59:43 PDT"]
[Termination "Zaven_ChessMood won by resignation"]

1. e4 e6 2. d3 d5 3. Nd2 Nc6 4. Ngf3 e5 5. g3 Nf6 6. Bg2 dxe4 7. dxe4 Bc5 8. O-O O-O 9. h3 a5 10. a4 Qe7 11. Re1 b6 12. Nh4 g6 13. c3 Ba6 14.
Nf1 Rfd8 15. Qf3 Ne8 16. Ne3 Bxe3 17. Bxe3 Rd6 18. Bh6 Rad8 19. Qg4 Nf6 20. Qg5 Ne8 21. Qg4 Nf6 22. Nf5 Nxg4 23. Nxe7+ Nxe7 24. hxg4 f6 25. Be3 Bc4 26. g5 f5 27. f4 fxe4 28. fxe5 Re6 29. Bf4 Bd3 30. Rad1 Nc6 31. Re3 Kf8 32. Bxe4 Bxe4 33.
Rxd8+ Nxd8 34. Rxe4 Ke8 35. Kf2 Re7 36. Re1 Ne6 37. Ke3 Kd7 38. b4 Kc6 39. Rd1 b5 40. axb5+ Kxb5 41. bxa5 Kxa5 42. Rb1 Rd7 43. Rb8 Ka4 44. Re8 Ng7 45. e6 Rd1 46. Ra8+ Kb5 47. Ke2 Rd5 48. e7 Rd7 49. e8=Q Nxe8 50. Rxe8 Kc4 51. Rc8 c5 52. Be3 Kxc3 53. Rxc5+ Kb4 54. Rc8 Kb5 55. Kf3 Rf7+ 56. Bf4 Re7 57. Rc7 Re8 58.
Rxh7 Kc6 59. Rf7 Rg8 60. Ke4 1-0

[Event "*** Titled Tuesday Blitz"]
[Site "Chess.com"]
[Date "2018.04.03"]
[Round "9"]
[White "Noukii"]
[Black "GameOverBro"]
[Result "1-0"]
[WhiteElo "2599"]
[BlackElo "2410"]
[TimeControl "180+2"]
[EndTime "14:59:43 PDT"]
[Termination "Noukii won by resignation"]

1. d4 d6 2. Nf3 Nf6 3. c4 Nbd7 4.
Nc3 e5 5. Bg5 Be7 6. e3 c6 7.
Qc2 Qc7 8. O-O-O h6 9. Bh4 Nf8 10. Bd3 Bg4 11. Bg3 Bxf3 12. gxf3 O-O-O 13. d5 h5 14.
h3 h4 15. Bh2 cxd5 16. cxd5 Kb8 17. Kb1 Rc8 18. Rc1 Qa5 19. Qb3 N8d7 20. Qb5 Qxb5 21. Bxb5 Nb6 22. Rhd1 Rh6 23. f4 e4 24. Rd4 Rg6 25. Bf1 a6 26. Nxe4 Rxc1+ 27. Kxc1 Nfxd5 28. f5 Rh6 29. Bg2 Kc7 30. Kc2 Rh5 31. f6 gxf6 32. Bf3 Re5 33. Bxe5 fxe5 34. Rd1 f5 35. Nc3 Nxc3 36. bxc3 e4 37. Bh5 Kd7 38. Bf7 Bf6 39. c4 Ke7 40. Rb1 Na4 41. Rxb7+ Kd8 42. Bg6 f4 43.
exf4 Bd4 44. Rh7 Bxf2 45. Bxe4 Nc5 46. Bd5 Bg3 47. f5 Nd7 48. Be6 Nf6 49. Ra7 Ne4 50.
Rxa6 Be5 51. Ra3 Ke7 52. Re3 Ng5 53. a4 Kd8 54. a5 Kc7 55. Bd5 Bg3 56. f6 1-0

[Event "*** Titled Tuesday Blitz"]
[Site "Chess.com"]
[Date "2018.04.03"]
[Round "9"]
[White "nicegg"]
[Black "Karina_Oparina"]
[Result "0-1"]
[WhiteElo "1891"]
[BlackElo "2128"]
[TimeControl "180+2"]
[EndTime "14:59:46 PDT"]
[Termination "Karina_Oparina won by resignation"]

1. e4 c6 2. d4 d5 3. e5 Bf5 4. g4 Bd7 5. Be3 e6 6. c3 Qc7 7.
Nd2 c5 8. Be2 Nc6 9. h4 Nge7 10.
h5 Nc8 11. Ngf3 cxd4 12. cxd4 Nb6 13. Rc1 Be7 14. h6 g6 15. Nb3 O-O-O 16. Bg5 Bxg5 17. Nxg5 Rdf8 18. Nc5 Qd8 19. Qd2 Kb8 20. f4 Qe7 21.
Rh3 f6 22. exf6 Qxf6 23. Re3 Qxf4 24. Ngxe6 Bxe6 25. Nxe6 Qf2+ 26. Kd1 Re8 27. Rf3 Qg1+ 28. Rf1 Qh2 29. Qf4+ Qxf4 30. Nxf4 Nxd4 31. Bd3 Re3 32. g5 Rf8 33. Kd2 Rf3 34. Rxf3 Nxf3+ 35. Ke3 Nxg5 36. Rg1 Re8+ 37. Kd2 Nf3+ 38. Kc3 Nxg1 39. Bxg6 hxg6 40. Nxg6 Ne2+ 41. Kd2 Nd4 42. h7 Nc4+ 43. Kc3 Nb5+ 44. Kb4 a6 45. h8=Q Rxh8 46. Nxh8 Nxb2 47. Kc5 d4 48.
Ng6 d3 0-1

[Event "*** Titled Tuesday Blitz"]
[Site "Chess.com"]
[Date "2018.04.03"]
[Round "9"]
[White "patrisiii123"]
[Black "GasconJR"]
[Result "0-1"]
[WhiteElo "2254"]
[BlackElo "2336"]
[TimeControl "180+2"]
[EndTime "14:59:50 PDT"]
[Termination "GasconJR won by checkmate"]

1. e4 c5 2. Nf3 d6 3. d4 cxd4 4. Nxd4 Nf6 5. Nc3 g6 6. Be3 Bg7 7. f3 Nc6 8. Qd2 O-O 9. g4 Bxg4 10. fxg4 Nxg4 11. Nb3 Nxe3 12. Qxe3 Rc8 13. O-O-O a6 14. Kb1 Ne5 15. Nd5 e6 16. Nc3 Rc6 17. h4 h5 18.
Be2 b5 19. a3 Qc7 20. Nd4 Rb6 21. Rhg1 b4 22. Na4 Rbb8 23. b3 bxa3 24. Ka2 Rb4 25. c3 Rbb8 26. Bxa6 Ra8 27. Bb5 Rfb8 28. c4 Qa5 29.
Nc6 Nxc6 30. Bxc6 Ra6 31. Bb5 Ra7 32. Rxd6 Rab7 33. Qd2 Qc7 34. Rd7 Qe5 35. Rd1 Rxd7 36. Qxd7 Ra8 37. Qd2 Kh7 38. Kxa3 Bf6 39. Qc2 Qc5+ 40.
Ka2 Qe5 41. Rd3 Bxh4 42. Rd1 Bf6 43. Qd3 Qb2# 0-1

[Event "*** Titled Tuesday Blitz"]
[Site "Chess.com"]
[Date "2018.04.03"]
[Round "9"]
[White "DiogenesSinopeus"]
[Black "Marcus_Harvey"]
[Result "0-1"]
[WhiteElo "2426"]
[BlackElo "2602"]
[TimeControl "180+2"]
[EndTime "14:59:52 PDT"]
[Termination "Marcus_Harvey won by resignation"]

1. d4 Nf6 2. c4 e6 3. Nc3 Bb4 4. e3 O-O 5. Bd3 d5 6. a3 Bd6 7. c5 Be7 8. b4 a5 9. Bb2 b6 10. f4 bxc5 11. bxc5 Ba6 12. Nf3 Qc8 13. Ne5 Nfd7 14.
O-O Bxd3 15. Qxd3 Nxe5 16. fxe5 Qa6 17. Qd1 Nc6 18. Qh5 Qd3 19. Qe2 Qxe2 20. Nxe2 Rfb8 21. Bc3 Rb3 22. a4 Rab8 23. Rfc1 Bg5 24. Kf2 Nb4 25. Bxb4 R8xb4 26. Rc3 Rxc3 27. Nxc3 Rb3 28. Rb1 Rxb1 29. Nxb1 c6 30. Nc3 f6 31. exf6 gxf6 32. Nb1 e5 33.
Ke2 e4 34. Nd2 f5 35. Nb3 Bd8 36. Kf2 Kg7 37. g3 Kg6 38. Nc1 Kg5 39. Ne2 Kg4 40.
Nf4 Be7 41. Ne6 Kh3 42. Ng7 Kxh2 43. Nxf5 Bf6 44. Nd6 Bd8 45. Nf7 Bc7 46. g4 Bg3+ 47. Ke2 Kh3 48. Nd8 Kxg4 49. Nxc6 h5 50. Ne7 h4 51. Nxd5 h3 52. Kf1 Kf3 53. Nf4 h2 0-1

[Event "*** Titled Tuesday Blitz"]
[Site "Chess.com"]
[Date "2018.04.03"]
[Round "9"]
[White "indfraeng"]
[Black "Doraemon7"]
[Result "0-1"]
[WhiteElo "1833"]
[BlackElo "2429"]
[TimeControl "180+2"]
[EndTime "15:00:17 PDT"]
[Termination "Doraemon7 won by resignation"]

1. d4 Nf6 2. c4 e6 3. Nc3 Bb4 4. Qc2 O-O 5. a3 Bxc3+ 6. Qxc3 d5 7. Bg5 dxc4 8. e3 c5 9. Bxc4 cxd4 10.
Qxd4 Qxd4 11. exd4 b6 12. Bxf6 gxf6 13. Ne2 Bb7 14. f3 Rd8 15. Kf2 Nc6 16. Rad1 Rd6 17. d5 Ne5 18. dxe6 Nxc4 19. b3 Rxd1 20. Rxd1 Ne5 21. e7 Nc6 22. Rd7 Ba6 23. Nd4 Nxe7 24. Rxe7 Rd8 25. Nc6 Rd2+ 26. Kg3 Bf1 27. Rxa7 Rxg2+ 28. Kh3 Rc2+ 29. Kh4 Rxc6 30. Ra8+ Kg7 31. Kg3 Rc3 32.
Kf2 Bh3 33. b4 Be6 34. Ra6 Rc6 35. b5 Rd6 36. a4 Bc4 37. Ke3 Rd3+ 38. Ke4 Ra3 39. Kd4 Bb3 40. a5 bxa5 41. b6 Ra4+ 42. Kc3 Rb4 43. h3 Rb5 44. f4 a4 45. h4 h5 46. f5 Rxf5 47. Kb4 Rf4+ 48. Ka3 Rf5 49. Kb4 Rf4+ 50. Ka3 Bd5 51. Ra5 Bc6 52. Rc5 Rf3+ 53.
Kb4 Rb3+ 54. Ka5 Be4 55. Rb5 Rxb5+ 56. Kxa4 Rxb6 57. Ka5 Rb1 0-1

[Event "*** Titled Tuesday Blitz"]
[Site "Chess.com"]
[Date "2018.04.03"]
[Round "9"]
[White "wonderfultime"]
[Black "petrpalachev"]
[Result "1-0"]
[WhiteElo "2761"]
[BlackElo "2601"]
[TimeControl "180+2"]
[EndTime "15:00:26 PDT"]
[Termination "wonderfultime won on time"]

1. d4 Nf6 2. c4 e6 3. Nf3 d5 4. Nc3 a6 5. cxd5 exd5 6. Bg5 Be6 7.
e3 Nbd7 8. Bd3 Bd6 9. O-O O-O 10.
Rc1 h6 11. Bf4 Qe7 12. Bxd6 Qxd6 13. Qc2 c6 14. h3 a5 15. a3 Rfe8 16. Na4 Ne4 17.
Nc5 Ndxc5 18. dxc5 Qc7 19. b4 axb4 20. axb4 Bd7 21.
Nd4 Qe5 22. Rb1 Ra3 23. Bxe4 Qxe4 24. Qb2 Rea8 25. Ra1 Qd3 26. Rxa3 Qxa3 27. Qd2 Ra4 28. Rb1 Qa2 29. Rb2 Qc4 30. Kh2 Ra1 31. Nf3 Bf5 32. Qd4 Qxd4 33. Nxd4 Bd7 34. Kg3 g5 35. h4 Kg7 36. hxg5 hxg5 37. Nb3 Ra4 38. Nd4 Kf6 39. Kf3 Ke5 40. Ke2 f5 41. g3 f4 42. gxf4+ gxf4 43. Nf3+ Kf6 44. Nd4 Ke5 45. Kd2 Ra3 46. Nc2 fxe3+ 47. fxe3 Ra8 48. Nd4 Rg8 49. Rb3 Ke4 50.
Ra3 Rg2+ 51. Kc1 Bg4 52. b5 cxb5 53. Nxb5 Re2 54. Nd6+ Kf3 55. e4+ Kf4 56. exd5 Bf5 57. Rc3 1-0

[Event "*** Titled Tuesday Blitz"]
[Site "Chess.com"]
[Date "2018.04.03"]
[Round "9"]
[White "PulpanJ"]
[Black "Aariow"]
[Result "1-0"]
[WhiteElo "2451"]
[BlackElo "2350"]
[TimeControl "180+2"]
[EndTime "15:00:31 PDT"]
[Termination "PulpanJ won by resignation"]

1. e4 e5 2. Nf3 Nf6 3. Nxe5 d6 4. Nf3 Nxe4 5. d4 d5 6. Bd3 Bd6 7. O-O O-O 8. Nbd2 Bf5 9. Re1 Re8 10. Ne5 f6 11.
Nxe4 dxe4 12. Bc4+ Be6 13. Bxe6+ Rxe6 14. Nc4 f5 15. Nxd6 Qxd6 16. Qh5 g6 17. Qg5 Qxd4 18. Bf4 Nc6 19. Rad1 Qf6 20. Qg3 Ne5 21. Qb3 Re8 22. Qxb7 g5 23. Bxe5 Qxe5 24. Rd5 Qf4 25. Qb3 Kg7 26.
Qc3+ Kg6 27. g3 Qf3 28. Re3 Qg4 29. Rd7 R8e7 30. Qxc7 Qd1+ 31. Rxd1 Rxc7 32. c3 Rb6 33.
Rd2 Kf6 34. f3 exf3 35. Rxf3 Re6 36. Rd5 Re5 37. Rxe5 Kxe5 38. Kf2 Rb7 39. b3 Rd7 40. Ke2 h5 41. Re3+ Kf6 42. c4 f4 43. gxf4 gxf4 44.
Re8 Kf5 45. c5 Rg7 46. Kf3 Rc7 47. b4 a5 48. a3 axb4 49. axb4 Rb7 50. Rf8+ Ke5 51.
Rxf4 Ra7 52. Rh4 Ra3+ 53. Ke2 Ra2+ 54. Kd3 Ra3+ 55. Kc4 Ra1 56. Rxh5+ Ke6 57. Kb5 Kd7 58. h4 Kc7 59. Rh7+ Kb8 60. Kb6 Kc8 61. c6 Kd8 62. c7+ 1-0

[Event "*** Titled Tuesday Blitz"]
[Site "Chess.com"]
[Date "2018.04.03"]
[Round "9"]
[White "SergeiAza"]
[Black "eldur16"]
[Result "0-1"]
[WhiteElo "2659"]
[BlackElo "2582"]
[TimeControl "180+2"]
[EndTime "15:00:33 PDT"]
[Termination "eldur16 won by resignation"]

1. e4 e5 2. Nf3 Nc6 3. Bb5 a6 4.
Ba4 Nf6 5. O-O Be7 6. Re1 b5 7. Bb3 d6 8. c3 O-O 9. h3 Na5 10. Bc2 c5 11. d4 Qc7 12. d5 Nc4 13. b3 Nb6 14. Nbd2 c4 15. bxc4 Nxc4 16. Nxc4 Qxc4 17. Bd2 Bd7 18. Bd3 Qc7 19. Qe2 Rfc8 20. Rec1 Rab8 21. Be3 g6 22. Nd2 Nh5 23. c4 Qd8 24. cxb5 axb5 25.
Nb3 Rxc1+ 26. Rxc1 Bg5 27. Kh2 Bxe3 28. Qxe3 Nf4 29.
Bf1 Ra8 30. g3 Nh5 31. Rc2 Kg7 32. Be2 Nf6 33. Bf3 h5 34. Nc1 Ra4 35. Nb3 Qa8 36.
Qe2 Qa7 37. Bg2 h4 38. g4 Nh7 39. Qe3 Qxe3 40. fxe3 Ng5 41. Nd2 Ra3 42. Kg1 Rxe3 43. Rc7 Be8 44. Rc8 Kf8 45. Bf1 Ke7 46. Rc7+ Kd8 47.
Rb7 Nxh3+ 48. Kh2 Nf2 49. Nb3 Nxg4+ 50. Kg1 h3 51. Bxh3 Rxh3 52. Na5 Ra3 53. Nc6+ Bxc6 54. dxc6 Rxa2 55. Rd7+ Kc8 56. Rxf7 b4 0-1

[Event "*** Titled Tuesday Blitz"]
[Site "Chess.com"]
[Date "2018.04.03"]
[Round "9"]
[White "Kimster98"]
[Black "Vincent_Vega95"]
[Result "0-1"]
[WhiteElo "2595"]
[BlackElo "2562"]
[TimeControl "180+2"]
[EndTime "15:00:42 PDT"]
[Termination "Vincent_Vega95 won by resignation"]

1. Nf3 Nf6 2. c4 g6 3. Nc3 Bg7 4. e4 O-O 5. d4 d6 6. Be2 e5 7. O-O Nc6 8. d5 Ne7 9. b4 Nh5 10. g3 f5 11. Ng5 Nf6 12. Bf3 f4 13. Ne6 Bxe6 14. dxe6 Nc6 15. Nd5 Re8 16. b5 Nd4 17.
Bb2 Nxe6 18. Bg2 Nd7 19. Bh3 Ndc5 20. f3 c6 21. Nb4 a5 22. Nd3 Qb6 23. Kh1 Ng5 24.
Bg2 Nce6 25. a4 Rf8 26. h4 Nf7 27. g4 Qd8 28. Qe1 c5 29. Bh3 Qe7 30. Kg2 h6 31. Rh1 Bf6 32. g5 hxg5 33. hxg5 Nexg5 34. Bg4 Kg7 35. Nf2 Rh8 36. Qe2 Nh6 37. Bc3 Ngf7 38. Rad1 Bh4 39.
Bh3 Bxf2 40. Qxf2 Ng5 41. Qh4 Nf5 42. Qxf4 Rh4 43. Qd2 Rah8 44. Bg4 Nxe4 45. Qc2 Nxc3 46. Qxc3 Nd4 47. Qe3 e4 48. Rxd4 cxd4 49. Qxd4+ Qe5 50.
Qxe5+ dxe5 51. Rxh4 Rxh4 52. Kg3 e3 53. c5 e4 54. f4 Rxg4+ 55. Kxg4 e2 56. c6 bxc6 57. bxc6 e1=Q 58. c7 Qc3 0-1

[Event "*** Titled Tuesday Blitz"]
[Site "Chess.com"]
[Date "2018.04.03"]
[Round "9"]
[White "RojonR"]
[Black "abubakrtagelsir"]
[Result "0-1"]
[WhiteElo "2374"]
[BlackElo "2266"]
[TimeControl "180+2"]
[EndTime "15:01:03 PDT"]
[Termination "abubakrtagelsir won by resignation"]

1. e4 d6 2. d4 Nf6 3. Nc3 g6 4.
g3 Bg7 5. Bg2 O-O 6. Nge2 e5 7.
O-O c6 8. h3 b5 9. a3 Nbd7 10.
Be3 Re8 11. d5 cxd5 12. Nxd5 a6 13. Nec3 Bb7 14. a4 Nxd5 15. Nxd5 Bxd5 16. Qxd5 Nf6 17. Qd2 Qb8 18. axb5 axb5 19. Rxa8 Qxa8 20. Qxd6 Qa2 21. Qb4 Qc4 22. Qxc4 bxc4 23. b3 cxb3 24. cxb3 Rb8 25. Rb1 Bf8 26. f3 Nd7 27. Bf1 Bb4 28. Rd1 Nc5 29. Bc4 Ba3 30. Kg2 Rb7 31. Ra1 Bb4 32. Bh6 Rb8 33. Ra7 Ne6 34. f4 exf4 35. gxf4 Bf8 36. Bxf8 Kxf8 37. f5 Nd8 38. f6 Rb7 39. Ra8 Ke8 40. Kf3 Kd7 41. Bd5 Rb6 42. Ra7+ Kd6 43.
Re7 Ne6 44. Bxe6 fxe6 45. Rf7 Ke5 46. Rxh7 Rxb3+ 47. Kg4 Kxf6 48. Kf4 e5+ 49. Kg4 Re3 50. Ra7 Rxe4+ 51. Kf3 Rf4+ 52. Kg3 Rd4 53. Ra6+ Kg5 54.
Ra3 Kf5 55. Rf3+ Rf4 56. Ra3 Rd4 57. Rf3+ Ke4 58. Rf6 Kd3 59. Rxg6 e4 60. h4 e3 61. h5 e2 62. Re6 Kd2 63. h6 e1=Q+ 64. Rxe1 Kxe1 65.
h7 Rd8 66. Kg4 Rh8 67. Kg5 Rxh7 0-1

[Event "*** Titled Tuesday Blitz"]
[Site "Chess.com"]
[Date "2018.04.03"]
[Round "9"]
[White "Albertu"]
[Black "chesstatour"]
[Result "0-1"]
[WhiteElo "2220"]
[BlackElo "1988"]
[TimeControl "180+2"]
[EndTime "15:01:10 PDT"]
[Termination "chesstatour won by checkmate"]

1. e4 c6 2. d4 d5 3. e5 c5 4. dxc5 Nc6 5. Bb5 e6 6. Be3 Bd7 7. Bxc6 Bxc6 8. Nf3 Ne7 9. c3 Nf5 10. Bd4 Bb5 11. a4 Bd7 12. O-O Rc8 13. b4 b6 14.
cxb6 axb6 15. Qb3 Be7 16. Nbd2 O-O 17. Rfb1 f6 18. a5 Nxd4 19. cxd4 Bb5 20. Qe3 f5 21.
axb6 Qxb6 22. g3 Rc2 23. Ne1 Rc7 24. Ng2 Rfc8 25. Ra3 Bc4 26. Qc3 Ba2 27. Qb2 Bxb1 28. Ne3 Rc1+ 29. Kg2 f4 30. gxf4 Bg6 31. Nb3 R1c3 32.
Nc5 Rxa3 33. Qxa3 Bxc5 34. dxc5 Qb5 35. Qa7 Be4+ 36. Kg3 Qe2 37. Qd7 Qf3+ 38. Kh4 Qxf4+ 39.
Kh3 Bf5+ 40. Nxf5 Qxf5+ 41. Kg2 Rf8 42. f4 Qxf4 43. Qxe6+ Kh8 44. Qxd5 Qf1+ 45. Kg3 Qg1+ 46. Kh3 h6 47. e6 Rf2 48. Qd8+ Kh7 49. Qd3+ Kg8 50. Qd8+ Rf8 51. e7 Qe3+ 52. Kg2 Qe4+ 53. Kg3 Qe5+ 54. Kh3 Qh5+ 55. Kg3 Qg5+ 56. Kh3 Rxd8 57.
exd8=Q+ Qxd8 58. Kg3 Qd4 59. c6 Qd6+ 60. Kh3 Qxc6 61.
Kg4 Qc4+ 62. Kh5 Qxb4 63. h4 Qc5+ 64. Kg6 Qd6+ 65. Kh5 Qe5+ 66. Kg6 Qf6+ 67. Kh5 Qf5# 0-1

[Event "*** Titled Tuesday Blitz"]
[Site "Chess.com"]
[Date "2018.04.03"]
[Round "9"]
[White "Jospem"]
[Black "1977Ivan"]
[Result "1-0"]
[WhiteElo "2732"]
[BlackElo "2479"]
[TimeControl "180+2"]
[EndTime "15:01:33 PDT"]
[Termination "Jospem won by resignation"]

1. e4 e5 2. Nf3 Nc6 3. Bb5 a6 4.
Ba4 Nf6 5. O-O Be7 6. Re1 b5 7. Bb3 d6 8. c3 O-O 9. h3 Nb8 10. d4 Nbd7 11. Nbd2 Bb7 12. Bc2 Re8 13. a4 Bf8 14.
Bd3 c6 15. b3 Nb6 16. Bf1 g6 17. Bb2 Bh6 18. dxe5 dxe5 19. c4 bxa4 20. c5 Nbd7 21. b4 a5 22. Nc4 axb4 23. Nd6 Nxc5 24. Nxe8 Qxe8 25. Bxe5 Nfd7 26. Bd6 Bg7 27. e5 b3 28.
Bc4 Ne6 29. Nd4 Nb6 30. Bxe6 fxe6 31. Nxb3 axb3 32. Qxb3 Qd8 33. Rab1 Ra6 34. Bc5 Nd7 35. Qxe6+ Kh8 36. Be7 Qe8 37. Rxb7 Nc5 38. Rb8 Qxb8 39. Bxc5 Ra5 40. Qd6 Qa8 41. Kh2 Qe8 42. e6 h5 43.
g3 Ra8 44. Rd1 Kg8 45. Qd7 Bf6 46. Rd6 Rd8 47. Qxe8+ Rxe8 48. Rxc6 Kg7 49. f4 Bb2 50. g4 hxg4 51. hxg4 Kf6 52. e7+ Kf7 53. g5 Rb8 54. Kg3 Ra8 55. Kg4 Bc3 56. Bd6 Be1 57. Rc2 Re8 58. Rh2 Bc3 59. Re2 Rc8 60. Re4 Bg7 61. f5 gxf5+ 62. Kxf5 Re8 63. g6+ Kg8 64. Ke6 Ra8 65. Rb4 Re8 66. Rb8 Bf8 67. Rxe8 Kg7 68. exf8=Q+ 1-0

[Event "*** Titled Tuesday Blitz"]
[Site "Chess.com"]
[Date "2018.04.03"]
[Round "9"]
[White "VerdeNotte"]
[Black "TregubovP"]
[Result "1/2-1/2"]
[WhiteElo "2641"]
[BlackElo "2548"]
[TimeControl "180+2"]
[EndTime "15:01:35 PDT"]
[Termination "Game drawn - insufficient material"]

1. d4 Nf6 2. g3 c5 3. dxc5 e6 4. Bg2 Bxc5 5. Nf3 O-O 6. O-O d5 7. c4 Nc6 8. cxd5 exd5 9. a3 a5 10. Bg5 d4 11. Nbd2 Re8 12. Rc1 Ba7 13. Nb3 h6 14. Bh4 Qe7 15. Re1 g5 16. Nxg5 hxg5 17. Bxg5 Qe5 18. Bf4 Qf5 19. Rxc6 bxc6 20. Bxc6 Ba6 21.
Nxd4 Bxd4 22. Qxd4 Rad8 23. Qb6 Bxe2 24. Bxe8 Rxe8 25.
Qc6 Kg7 26. Qc3 Kg6 27. b4 axb4 28. axb4 Bg4 29. Rxe8 Nxe8 30. Qc6+ Nf6 31. h4 Qb1+ 32. Kh2 Qxb4 33. Be5 Qe7 34. Bd4 Qe6 35. Qxe6 fxe6 36. Kg2 Be2 37. f3 Nd7 38. g4 e5 39. h5+ Kf6 40.
Bc3 Nc5 41. Kg3 Ke6 42. g5 Kf5 43. h6 Kg6 44. Bxe5 Bd3 45. Bf6 Nd7 46. Bd8 Nf8 47. Be7 Ne6 48. f4 Bf5 49. Kf3 Kf7 50. Bf6 Nf8 51.
Ke3 Ng6 52. Kd4 Nh4 53. Ke5 Bh7 54. Kd5 Ng2 55. Be5 Nh4 56. Bc3 Ng2 57. Ke5 Nh4 58. Kd4 Nf5+ 59. Kd5 Kg6 60. Ke6 Bg8+ 61. Kd7 Kf7 62. Bf6 Bh7 63. Kc6 Nxh6 64. gxh6 Kxf6 65. Kd7 Kf5 66. Ke7 Kxf4 67. Kf6 Kg4 68. Kg7 Bd3 69. h7 Bxh7 1/2-1/2

[Event "*** Titled Tuesday Blitz"]
[Site "Chess.com"]
[Date "2018.04.03"]
[Round "9"]
[White "Eliwood44"]
[Black "SamCopeland"]
[Result "1/2-1/2"]
[WhiteElo "2193"]
[BlackElo "2012"]
[TimeControl "180+2"]
[EndTime "15:02:21 PDT"]
[Termination "Game drawn by stalemate"]

1. d4 Nf6 2. Nf3 d5 3. c4 c6 4. Qc2 e6 5. Nbd2 Nbd7 6. g3 Bb4 7. a3 Ba5 8. Bg2 Ne4 9. b4 Nxd2 10. Bxd2 Bb6 11.
O-O Nf6 12. Bg5 h6 13. Bxf6 Qxf6 14. e4 dxe4 15. Qxe4 O-O 16. Rad1 Rd8 17. Ne5 Bd7 18. c5 Bc7 19. f4 Be8 20. Kh1 Rdb8 21. Qe3 a5 22.
Ra1 axb4 23. axb4 Qd8 24. Be4 Rxa1 25. Rxa1 Ra8 26. Rd1 Ra2 27. Kg1 Bxe5 28. fxe5 Qg5 29. Qxg5 hxg5 30. b5 Kf8 31. h3 Ke7 32. Kf1 Ra3 33. Kf2 Ra2+ 34. Ke3 Ra3+ 35. Rd3 Rxd3+ 36. Kxd3 cxb5 37. Bxb7 Kd8 38. Kc3 Kc7 39. Be4 Bc6 40.
Bd3 Bg2 41. h4 gxh4 42. gxh4 Kc6 43. Kb4 Kd5 44. Kxb5 Kxd4 45. Be2 Kxe5 46. Kb6 f5 47.
c6 Bxc6 48. Kxc6 Kf4 49. Kd6 Kg3 50. h5 Kh4 51. Kxe6 Kg5 52. Kf7 Kh6 53. Bf3 f4 54. Be2 Kh7 55. Bf3 Kh6 56. Bd1 Kh7 57. Ke6 Kh6 58. Kf5 Kh7 59. Kxf4 Kh6 60. Kf5 Kh7 61. Kg5 Kh8 62. Kg6 Kg8 63. Be2 Kh8 64. Bd3 Kg8 65. Be4 Kh8 66. Bf3 Kg8 67. Be2 Kh8 68. Kf7 Kh7 69.
Kf8 Kh8 70. Ke7 Kh7 71. Bd3+ Kh8 72. Be4 Kg8 73. Ke6 Kh8 74. Kf5 Kg8 75. Kg6 Kh8 76. Kg5 Kg8 77. Kf5 Kh7 78. Ke6+ Kh8 79. Ke7 Kg8 80.
Bf5 Kh8 81. Be6 Kh7 82. Kf8 Kh8 83. Bf7 Kh7 84. Bg6+ Kh8 85. Bf5 g5 86. hxg6 1/2-1/2

[Event "*** Titled Tuesday Blitz"]
[Site "Chess.com"]
[Date "2018.04.03"]
[Round "9"]
[White "TomPolgar"]
[Black "ilmago"]
[Result "1-0"]
[WhiteElo "2252"]
[BlackElo "1940"]
[TimeControl "180+2"]
[EndTime "15:02:23 PDT"]
[Termination "TomPolgar won by resignation"]

1. e4 c5 2. Nf3 d6 3. Bb5+ Bd7 4. Bxd7+ Qxd7 5. O-O Nc6 6. c3 c4 7. b3 cxb3 8. axb3 Nf6 9. d4 e6 10. d5 Ne5 11.
dxe6 fxe6 12. Nxe5 dxe5 13. Qe2 Qc6 14. f3 Bc5+ 15.
Be3 O-O 16. Nd2 Bb6 17. Nc4 Bc7 18. Rfc1 b5 19. Na5 Bxa5 20. Rxa5 a6 21. c4 Qc7 22.
Qa2 bxc4 23. Rxc4 Qd7 24. Qd2 Qb7 25. Qb4 Rfb8 26. Qxb7 Rxb7 27. b4 Rab8 28. Rxa6 Rxb4 29. Rxb4 Rxb4 30. Rxe6 Rb5 31. g4 Kf7 32. Ra6 h6 33.
Ra3 Kg6 34. Kg2 h5 35. h3 hxg4 36. hxg4 Rb2+ 37. Kg3 Rb5 38. Bd2 Rc5 39. Ra5 Rc2 40. Bb4 Nd7 41. Rd5 Rc4 42. Ba3 Rc3 43. Bb2 Rc7 44.
Bxe5 Nxe5 45. Rxe5 Rc1 46. Re6+ Kf7 47. Ra6 g5 48. Kf2 Rc3 49. Ke2 Rb3 50. Rd6 Ra3 51. Rd3 Ra1 52. Ke3 Kf6 53. Rb3 Rf1 54. Rb6+ Kf7 55.
Rb5 Kf6 56. Rf5+ Kg6 57. Kd4 Ra1 58. Rd5 Ra4+ 59. Ke5 Ra3 60. Rd6+ Kg7 61. Rd7+ Kg6 62. Rd6+ Kg7 63. Kf5 Rxf3+ 64. Kxg5 Re3 65. Rd7+ Kf8 66. Kf4 Re1 67. g5 Ra1 68. Kf5 Ra6 69. e5 Rb6 70. g6 Ra6 71. Rb7 Rc6 72. Rb8+ Kg7 73. Rb7+ Kf8 74.
Rf7+ Kg8 75. Rf6 Rc1 76. e6 Rc5+ 77. Kf4 Rc4+ 78. Ke5 Rc5+ 79. Kd6 Ra5 80. e7 Ra6+ 81. Ke5 Ra5+ 82. Kf4 Ra8 83. Kg5 Re8 84. Rf8+ Rxf8 85. exf8=Q+ Kxf8 86. Kh6 Kg8 87. g7 1-0

[Event "*** Titled Tuesday Blitz"]
[Site "Chess.com"]
[Date "2018.04.03"]
[Round "9"]
[White "XiaoKangZhong"]
[Black "Vadim_Biliy"]
[Result "1-0"]
[WhiteElo "2017"]
[BlackElo "2095"]
[TimeControl "180+2"]
[EndTime "15:02:32 PDT"]
[Termination "XiaoKangZhong won by resignation"]

1. e4 d6 2. d4 Nf6 3. Nc3 g6 4. Be3 c6 5. Bd3 b5 6. a3 Nbd7 7. f3 Nb6 8. d5 cxd5 9. Bxb5+ Bd7 10. Bxd7+ Qxd7 11. Bxb6 axb6 12. Nxd5 Nxd5 13. Qxd5 Rc8 14.
Qd4 e5 15. Qd3 Be7 16. Ne2 O-O 17. O-O Rc5 18. Nc3 Rfc8 19. Rfd1 Qa7 20. a4 Bf8 21.
Nb5 Qb8 22. Rdc1 Rd8 23. c4 Rdc8 24. b3 R5c6 25. Rd1 Re8 26. Ra2 Re6 27. Rad2 Rc5 28.
Qe2 Rc6 29. Rd5 h5 30. R1d3 Be7 31. Qd1 Bf8 32. Qa1 Be7 33. Rd1 Bf8 34. a5 bxa5 35. Qxa5 Qb6+ 36. Qxb6 Rxb6 37. Ra1 Re8 38. Kf2 Rc8 39.
Ke2 f5 40. Ra7 Rbc6 41. Kd3 Rb6 42. Rd7 Rcc6 43. Kc3 Ra6 44. Rd2 Rab6 45. Kb4 Ra6 46. Kc3 Rab6 47. Kb2 Ra6 48. Rd5 Rab6 49. g3 Ra6 50. h3 Rab6 51. g4 fxg4 52. fxg4 hxg4 53. hxg4 Ra6 54. Rb7 Ra8 55. Nc3 Raa6 56. Rbb5 Ra8 57. Rd1 Rca6 58. Rbd5 Rc6 59. Nb5 Raa6 60. Kc3 Rab6 61.
Kb4 Rc5 62. Rxc5 dxc5+ 63. Ka5 Rf6 64. Rd5 Rf4 65. Rxe5 Rxg4 66. Nc7 Rg3 67. Ne6 Rxb3 68. Nxf8 Kxf8 69. Rxc5 Ke7 70. Rg5 Kf6 71. Rg1 g5 72. c5 Re3 73. c6 Rxe4 74. Rc1 Re8 75. c7 g4 76. c8=Q Rxc8 77. Rxc8 Ke5 78. Rg8 Kf4 79. Kb4 g3 80. Kc3 Kf3 81. Kd2 Kf2 82. Rf8+ Kg1 83. Ke2 g2 84. Kf3 Kh1 85. Rh8+ Kg1 86.
Rg8 Kf1 87. Rxg2 Ke1 88. Ke3 Kf1 89. Rg3 1-0

[Event "*** Titled Tuesday Blitz"]
[Site "Chess.com"]
[Date "2018.04.03"]
[Round "9"]
[White "FMAntonio"]
[Black "Fins0905"]
[Result "1/2-1/2"]
[WhiteElo "2403"]
[BlackElo "2577"]
[TimeControl "180+2"]
[EndTime "15:02:35 PDT"]
[Termination "Game drawn - insufficient material"]

1. d4 g6 2. c4 Bg7 3. e4 d6 4.
Nc3 e5 5. Nf3 Bg4 6. d5 Nd7 7.
Be2 h5 8. Be3 Bh6 9. Qd2 Bxe3 10.
Qxe3 Bxf3 11. Qxf3 a5 12. b3 Qg5 13. O-O Ne7 14.
a3 Nc5 15. Rab1 O-O 16. b4 axb4 17. axb4 Na4 18. Nb5 Rfc8 19. Qb3 Qd2 20. Rfe1 f5 21. Bf1 fxe4 22. c5 Kg7 23. cxd6 cxd6 24. Red1 Qc2 25. Qxc2 Rxc2 26. Ra1 Nb2 27. Rxa8 Nxd1 28. Nxd6 Nxd5 29. Nxe4 N5c3 30. Nxc3 Nxc3 31. Ra7 Rc1 32. g3 Kf6 33. Rxb7 Ne4 34. Kg2 Rd1 35. Be2 Rd2 36. Kf1 Rb2 37. b5 Nd2+ 38. Kg1 Ne4 39. Bf1 Nxf2 40.
b6 Ng4 41. h3 Ne3 42. Rb8 Rb1 43. Kf2 Nxf1 44. b7 Kg7 45. Re8 Rxb7 46. Kxf1 Kf6 47. Kf2 Rb3 48. Rf8+ Kg5 49. Re8 Kf5 50. Rg8 Ra3 51.
Rg7 Ra2+ 52. Kf3 e4+ 53. Ke3 Ra3+ 54. Kf2 h4 55. gxh4 Rxh3 56. Rf7+ Kg4 57. Re7 Kf4 58.
Rf7+ Ke5 59. Re7+ Kf5 60. Rh7 g5 61. h5 Kf4 62. h6 Rh2+ 63. Kg1 Rh4 64. Kg2 Ke3 65.
Rh8 Ke2 66. h7 e3 67. Kg3 Rh1 68. Kg2 Rh6 69. Kg3 Rh4 70. Kg2 Rg4+ 71. Kh3 Rh4+ 72. Kg3 Rh1 73. Kg4 Rg1+ 74. Kh3 Rh1+ 75. Kg2 Rh6 76.
Kg3 Ke1 77. Re8 Rxh7 78. Rxe3+ Kd2 79. Re5 Rg7 80. Kg4 Kd3 81. Rxg5 Rxg5+ 82. Kxg5 1/2-1/2